 Dungeon Crawl Stone Soup version 0.25.0-41-g26779e291d (webtiles) character file.

Game seed: 4616971175980891655

6403 Craquet the Fighter (level 10, -2/96 HPs)
             Began as a Minotaur Berserker on July 10, 2020.
             Was an Elder of Trog.
             Slain by a cyan ugly thing (6 damage)
             ... on level 8 of the Dungeon.
             The game lasted 00:29:18 (5772 turns).

Craquet the Fighter (Minotaur Berserker)            Turns: 5772, Time: 00:29:20

Health: -2/96      AC: 12    Str: 26    XL:     10   Next: 66%
Magic:  9/9        EV: 12    Int: 10    God:    Trog [****..]
Gold:   231        SH:  0    Dex: 15    Spells: 9/9 levels left

rFire    . . .     SeeInvis .   y - +0 flail
rCold    + . .     Gourm    .   (no shield)
rNeg     . . .     Faith    +   E - +2 ring mail {rC+}
rPois    .         Spirit   .   (helmet restricted)
rElec    .         Reflect  .   m - +1 cloak
rCorr    .         Harm     .   (no gloves)
MR       .....                  (no boots)
Stlth    +.........             e - amulet of faith
HPRegen  0.26/turn              j - +6 ring of intelligence
MPRegen  0.11/turn              x - +6 ring of dexterity

@: lethally poisoned (-2 -> -24), berserk cooldown, slowed, very slow
A: retaliatory headbutt, horns 2
a: Berserk, Trog's Hand, Brothers in Arms, Renounce Religion


You were on level 8 of the Dungeon.
You worshipped Trog.
Trog was greatly pleased with you.
You were hungry.

You visited 1 branch of the dungeon, and saw 5 of its levels.

You collected 231 gold pieces.

Inventory:

Hand Weapons
 a - a +0 mace
 d - a +0 scythe
 g - a +0 mace
 k - a +1 hunting sling of freezing
 t - a +0 hunting sling
 y - a +0 flail (weapon)
Missiles
 o - 49 sling bullets
 s - 112 stones (quivered)
Armour
 b - a +0 animal skin
 l - a +0 cloak
 m - a +1 cloak (worn)
 n - a +0 robe
 p - a +0 ring mail
 z - a +0 scale mail
 E - a +2 ring mail of cold resistance (worn)
Jewellery
 e - an amulet of faith (around neck)
 j - a +6 ring of intelligence (left hand)
 x - a +6 ring of dexterity (right hand)
Wands
 w - a wand of paralysis (8)
 C - a wand of digging (6)
Scrolls
 f - 9 scrolls of identify
 h - 2 scrolls of teleportation
 q - a scroll of noise {unknown}
 r - a scroll of fear {unknown}
 v - 3 scrolls of remove curse {unknown}
 B - a scroll of magic mapping {unknown}
 F - a scroll of immolation {unknown}
Potions
 i - a potion of stabbing
 u - a potion of degeneration
 A - 2 potions of curing {unknown}
 D - a potion of ambrosia {unknown}
Comestibles
 c - 15 rations


   Skills:
 * Level 11.6 Fighting
 * Level 11.6 Maces & Flails
 * Level 11.3 Armour
 - Level 2.1 Dodging


You had 9 spell levels left.
You didn't know any spells.
Your spell library was empty.

Dungeon Overview and Level Annotations

Branches:
Dungeon (8/15)
 Temple: D:4-7         Lair: D:8-11

Altars:
Elyvilon
Okawaru
Qazlal


Innate Abilities, Weirdness & Mutations

You reflexively headbutt those who attack you in melee.
You have a pair of horns on your head.


Message History

You feel sick. The green very ugly thing engulfs you!
* * * LOW HITPOINT WARNING * * *
You thump the green very ugly thing!
The green very ugly thing is severely wounded.
* * * LOW HITPOINT WARNING * * *
You feel sick.
You sock the green very ugly thing!
You headbutt the green very ugly thing!!
You kill the green very ugly thing!
Trog accepts your kill.
Your Armour skill increases to level 11!
* * * LOW HITPOINT WARNING * * *
You feel sick.
You closely miss the cyan ugly thing.
You are no longer berserk.
You are exhausted.
You feel yourself slow down.
* * * LOW HITPOINT WARNING * * *
You feel sick. The cyan ugly thing gores you.
You die...

#............#.##
#.............#.#
#.....##'#'#.#.####
#.....###.#)#.#....
#.....##.#.#.#.#.##
#.....###.#.#.#..#
#.....##.#.#.#.#.#
#..######.#.#.#..##
##@# #.#.#.#.#...
####u#############...
#...u...# ########.##
###'''### #.....##..#
#!......# #.###.##..#
#.#..!#.# #.#<#.###.#
#...#...# #.#.#.# #.#
#.#..ยง#.# #.#.#.#
#.# ##.#.#.## #.#.#.#
#.#


You could see 2 ugly things.

Vanquished Creatures
  A very ugly thing (D:8)
  A hydra (D:8)
  3 ugly things (D:8)
  Maurice (D:8)
  Joseph (D:8)
  Psyche (D:8)
  Grinder (D:3)
  2 dream sheep (D:8)
  Sigmund (D:2)
  2 yaks (D:8)
  A phantom (D:8)
  3 big kobolds (D:8)
  4 bullfrogs
  A scorpion (D:6)
  9 killer bees (D:8)
  5 wights (D:6)
  A hound (D:8)
  An orc priest (D:6)
  An iguana (D:8)
  Natasha (thrice) (D:3)
  3 worker ants
  Robin (D:2)
  4 adders
  A shadow imp (D:8)
  3 worms
  A dart slug (D:1)
  3 leopard geckos
  8 orcs
  3 ball pythons (D:3)
  2 giant cockroaches
  14 goblins
  17 hobgoblins
  2 jackals (D:1)
  4 quokkas
  7 bats
  3 frilled lizards (D:1)
  7 kobolds
  A quokka zombie (D:8)
  8 rats
135 creatures vanquished.

Notes
Turn   | Place    | Note
-------+----------+-------------------------------------------
     0 | D:1      | Craquet the Minotaur Berserker began the quest for the Orb.
     0 | D:1      | Reached XP level 1. HP: 19/19 MP: 0/0
   152 | D:1      | Reached XP level 2. HP: 15/27 MP: 1/1
   291 | D:1      | Found an iron altar of Okawaru.
   772 | D:1      | Reached ** piety under Trog
   775 | D:1      | Reached XP level 3. HP: 33/33 MP: 2/2
  1144 | D:2      | Noticed Sigmund
  1181 | D:2      | Killed Sigmund
  1181 | D:2      | Reached skill level 5 in Fighting
  1181 | D:2      | Reached skill level 5 in Maces & Flails
  1181 | D:2      | Reached XP level 4. HP: 4/42 MP: 3/3
  1181 | D:2      | Reached XP level 5. HP: 5/48 MP: 4/4
  1709 | D:2      | Noticed Robin
  1724 | D:2      | Killed Robin
  2240 | D:3      | Reached *** piety under Trog
  2261 | D:3      | Reached XP level 6. HP: 56/56 MP: 5/5
  2322 | D:3      | Noticed Natasha
  2330 | D:3      | Killed Natasha
  2446 | D:3      | Found a white marble altar of Elyvilon.
  2474 | D:3      | Noticed Natasha
  2478 | D:3      | Noticed Grinder
  2483 | D:3      | Paralysed by Grinder for 5 turns
  2496 | D:3      | Killed Natasha
  2496 | D:3      | Reached skill level 5 in Armour
  2507 | D:3      | Paralysed by Grinder for 4 turns
  2553 | D:3      | Killed Grinder
  2553 | D:3      | Reached XP level 7. HP: 45/64 MP: 6/6
  2645 | D:3      | Noticed Natasha
  2652 | D:3      | Killed Natasha
  3035 | D:3      | You fall into a shaft and drop 3 floors!
  3089 | D:6      | Reached **** piety under Trog
  3422 | D:6      | Reached XP level 8. HP: 71/73 MP: 7/7
  3423 | D:6      | You fall into a shaft and drop 2 floors!
  3521 | D:8      | Noticed a dream sheep
  3521 | D:8      | Noticed Psyche
  3521 | D:8      | Noticed a dream sheep
  3540 | D:8      | Killed Psyche
  3543 | D:8      | Killed a dream sheep
  3546 | D:8      | Killed a dream sheep
  3546 | D:8      | Reached XP level 9. HP: 13/83 MP: 8/8
  3849 | D:8      | Found a stormy altar of Qazlal.
  3868 | D:8      | Noticed Joseph
  3892 | D:8      | Killed Joseph
  4745 | D:8      | Found a runed translucent gate.
  4745 | D:8      | Found a runed translucent gate.
  4746 | D:8      | Found a runed translucent gate.
  4748 | D:8      | Noticed a red ugly thing
  4749 | D:8      | Noticed a brown ugly thing
  4749 | D:8      | Noticed a brown ugly thing
  4749 | D:8      | Noticed a green very ugly thing
  4749 | D:8      | Noticed a white ugly thing
  4750 | D:8      | Noticed a red ugly thing
  4776 | D:8      | Noticed a three-headed hydra
  4794 | D:8      | Killed a three-headed hydra
  4794 | D:8      | Reached skill level 10 in Fighting
  4794 | D:8      | Reached skill level 10 in Maces & Flails
  4794 | D:8      | Reached skill level 10 in Armour
  5242 | D:8      | Noticed Maurice
  5253 | D:8      | Killed Maurice
  5253 | D:8      | Reached XP level 10. HP: 94/94 MP: 9/9
  5298 | D:8      | HP: 4/94 [killer bee (3)]
  5303 | D:8      | HP: 3/94 [poisoned by a killer bee]
  5308 | D:8      | HP: 3/94 [poisoned by a killer bee]
  5755 | D:8      | Killed a green ugly thing
  5760 | D:8      | Killed a green ugly thing
  5764 | D:8      | Killed a red ugly thing
  5771 | D:8      | Killed a green very ugly thing
  5771 | D:8      | HP: 7/144 [poisoned by a green ugly thing]
  5772 | D:8      | Slain by a cyan ugly thing

Illustrated notes

Levels and vault maps discovered:
D:1:      lightli_arrival_boilingwater, layout_basic, okawaru_ov_weapons_minmay
D:2:      layout_rooms, first_ration, roderic_lattice_a, minmay_misc_feat_room,
          minmay_heptomino_h4, uniq_robin, uniq_sigmund
D:3:      layout_loops_ring, elyvilon_altar_4, uniq_natasha, uniq_grinder
D:6:      layout_loops_ring, kiku_gazebo_garden_becter,
          nicolae_overflow_hidden_temple, uniq_prince_ribbit1, uniq_pikel
D:8:      layout_basic, nicolae_overflow_crystal_walls,
          ploomutoo_gammafunk_ghost_potion_laboratory, hangedman_ranch
          [blue_anna_fruit_fields], kennysheep_path_1, grunt_ministairs_2,
          uniq_psyche, uniq_maurice, uniq_joseph

Skill      XL: |  1  2  3  4  5  6  7  8  9 10 |
---------------+-------------------------------+-----
Fighting       | 4 5 6 7 9 10 11 | 11.6
Maces & Flails | 4 5 6 7 9 10 11 | 11.6
Armour         | 3 4 5 6 8 10 11 | 11.3
Dodging        | |  2.1

Action                   |  1- 3 |  4- 6 |  7- 9 | 10-12 || total
-------------------------+-------+-------+-------+-------++-------
Melee: Mace              |    59 |    76 |    50 |       ||   185
       Headbutt          |     9 |     8 |    43 |    12 ||    72
       Unarmed           |       |    27 |       |       ||    27
       Flail             |       |       |   117 |    37 ||   154
Throw: Stone             |       |    31 |     5 |       ||    36
Invok: Berserk           |       |     2 |     3 |     1 ||     6
       Trog's Hand       |       |       |     1 |     1 ||     2
  Use: Potion            |       |     2 |     3 |       ||     5
       Scroll            |       |       |     2 |       ||     2
  Eat: Chunk             |     1 |     5 |     5 |       ||    11
       Ration            |       |       |     3 |       ||     3
Armor: Animal skin       |    11 |     3 |       |       ||    14
       Ring mail         |       |    29 |    40 |    15 ||    84
       Skin              |       |     3 |       |       ||     3
       Scale mail        |       |       |    13 |       ||    13
Dodge: Dodged            |    42 |    85 |    97 |    32 ||   256
